AoeStats
← DontFuckleWithShuckle

Oasis

510145934Analyzed
3v3 RM · 2d ago on Sep 29, 2026· 41m 19s· 6 players
Game mode
Random Map
Map size
Normal (6 player)
Population
200
Speed
Normal
Resources
Standard
Victory
Conquest
Starting age
Dark Age
Ending age
Imperial Age
RankedLock teamsTeams togetherTeam positionsShared explorationLock speedFull tech treeHidden civsTurbo modeCheats
Victory
Defeat
🇳🇴 Inca · Norway
1080
+14
🇳🇴 Poles · Norway
966
+19
🇳🇴 Berbers · Norway
932
+20
🇰🇿 Cumans · Kazakhstan
1064
-19
🇩🇪 Khmer · Germany
1063
-19
🇰🇿 Franks · Kazakhstan
957
-44
schmidmaseb
10:54 Feudal Age
13:58 Castle Age
12:02 Double-Bit Axe
13:57 Horse Collar
15:37 Bow Saw
15:31 Heavy Plow
20:00 Wheelbarrow
20:33 Gold Mining
21:13 Hand Cart
24:01 Husbandry
26:09 Bloodlines
26:05 Husbandry
27:52 Scale Barding Armor
27:58 Forging
30:55 Imperial Age
28:12 Loom
28:13 Town Watch
28:54 Chain Barding Armor
30:04 Town Patrol
31:21 Iron Casting
33:18 Plate Barding Armor
33:44 Blast Furnace
35:33 Elite Battle Elephant
39:29 Tusk Swords
Miladin009
5:53 Loom
12:35 Feudal Age
17:34 Double-Bit Axe
19:34 Horse Collar
24:08 Castle Age
23:10 Wheelbarrow
22:21 Town Watch
22:52 Bloodlines
23:41 Forging
23:36 Scale Barding Armor
26:13 Bow Saw
29:05 Stone Mining
29:05 Gold Mining
30:02 Hand Cart
29:47 Town Patrol
31:31 Iron Casting
34:05 Heavy Plow
34:43 Gold Shaft Mining
37:13 Imperial Age
Mest
13:33 Feudal Age
20:19 Scale Barding Armor
22:16 Double-Bit Axe
26:25 Castle Age
28:48 Bow Saw
28:47 Loom
29:42 Wheelbarrow
32:27 Husbandry
33:07 Gold Mining
33:10 Stone Mining
37:27 Gold Shaft Mining
SpecialAgentDaleCooper
3:23 Loom
9:58 Feudal Age
10:38 Double-Bit Axe
12:39 Horse Collar
13:36 Scale Mail Armor
15:09 Forging
19:14 Wheelbarrow
21:30 Castle Age
19:39 Gold Mining
22:11 Champi Runner
22:52 Squires
23:09 Chain Mail Armor
23:33 Iron Casting
23:59 Wheelbarrow
23:32 Champi Warrior
27:25 Pikeman
28:21 Bow Saw
28:50 Arson
34:45 Imperial Age
34:21 Hand Cart
34:38 Ballistics
34:29 Masonry
35:59 Plate Mail Armor
35:55 Conscription
35:36 Capped Ram
36:37 Fabric Shields
37:03 Elite Kamayuk
39:05 Siege Ram
40:37 Hoardings
41:43 Heavy Plow
juleskum
10:47 Feudal Age
15:16 Castle Age
14:03 Double-Bit Axe
14:12 Horse Collar
18:39 Bow Saw
18:41 Heavy Plow
19:58 Loom
20:54 Wheelbarrow
23:10 Hand Cart
24:22 Scale Barding Armor
25:28 Gold Mining
25:28 Stone Mining
25:41 Stone Mining
26:48 Bloodlines
26:39 Husbandry
27:29 Light Cavalry
30:43 Imperial Age
29:07 Chain Barding Armor
28:59 Forging
31:14 Iron Casting
30:50 Town Watch
31:04 Winged Hussar
33:21 Crop Rotation
33:42 Town Patrol
34:46 Blast Furnace
35:53 Lechitic Legacy
35:41 Szlachta Privileges
37:50 Scale Mail Armor
41:17 Conscription
DontFuckleWithShuckle
3:08 Loom
14:47 Feudal Age
15:16 Horse Collar
15:22 Double-Bit Axe
21:35 Castle Age
19:54 Gold Mining
19:56 Stone Mining
24:33 Scale Barding Armor
24:29 Scale Mail Armor
24:42 Forging
24:25 Fletching
24:58 Bow Saw
25:50 Heavy Plow
26:28 Wheelbarrow
26:31 Chain Barding Armor
27:31 Bloodlines
28:26 Husbandry
31:43 Caravan
32:43 Hand Cart
36:10 Gold Shaft Mining
37:09 Thumb Ring
41:36 Ballistics
43:49 Imperial Age
41:34 Bodkin Arrow
41:40 Padded Archer Armor
Connection lost

Rejoining the realm…

Still unreachable

The connection could not be restored.

Session expired

The server has moved on; the page needs a fresh start.